 Dungeon Crawl Stone Soup version 0.32-a0-520-g344ed53f66 (webtiles) character file.

Game seed: 4236959715077772677

13636 whatisthis the Grappler (level 12, -25/113 HPs)
             Began as a Ghoul Gladiator on Feb 27, 2024.
             Was a Priest of Uskayaw.
             Annihilated by a large slime creature (31 damage)
             ... on level 12 of the Dungeon.
             The game lasted 00:38:25 (10243 turns).

whatisthis the Grappler (Ghoul Gladiator)          Turns: 10243, Time: 00:38:25

Health: -25/113    AC: 14    Str: 32    XL:     12   Next: 8%
Magic:  10/14      EV: 14    Int:  7    God:    Uskayaw [***...]
Gold:   704        SH: 11    Dex: 12    Spells: 11/11 levels left

rFire   . .          .
                       - Unarmed
rCold   + . .        i - +4 kite shield of the Eternal Void {rPois Str+3 Dex+2 Stlth-}
rNeg    + + +        O - +2 chain mail {Will+}
rPois   ∞            b - +0 helmet
rElec   .            (no cloak)
rCorr   .            (no gloves)
SInv    .            (no boots)
Will    +....        p - amulet of regeneration Stlth
                     C - +6 ring of strength
HPRegen 0.00/turn    s - +5 ring of evasion
MPRegen 0.14/turn

%: no passive effects
@: inhibited regen, studying Unarmed Combat
A: claws 1, cold resistance 1, negative energy resistance 3, inhibited
regeneration, torment resistance 2, devour on kill
a: Renounce Religion, Stomp, Line Pass


You were on level 12 of the Dungeon.
You worshipped Uskayaw.
Uskayaw was noncommittal.
You visited 2 branches of the dungeon, and saw 14 of its levels.
You also visited: Sewer and Bailey.

You collected 704 gold pieces.

Inventory:

Missiles
 c - 8 throwing nets
 d - a javelin
 k - 22 poisoned darts (quivered)
 n - an atropa-tipped dart
 B - 3 boomerangs
Armour
 b - a +0 helmet (worn)
 i - the +4 kite shield of the Eternal Void (worn) {rPois Str+3 Dex+2 Stlth-}
   (You acquired it on level 8 of the Dungeon)

   Str+3:     It affects your strength (+3).
   Dex+2:     It affects your dexterity (+2).
   rPois:     It protects you from poison Stlth-: It makes you less stealthy.
 r - a +1 pair of gloves
 O - a +2 chain mail of willpower (worn)
Jewellery
 o - a ring of resist corrosion
 p - an amulet of regeneration (around neck)
 s - a +5 ring of evasion (right claw)
 C - a +6 ring of strength (left claw)
Wands
 f - a wand of mindburst (2)
 m - a wand of flame (35)
 A - a wand of charming (7)
 H - a wand of warping (17)
 N - a wand of light (8)
Scrolls
 e - 4 scrolls of torment
 g - 9 scrolls of fear
 h - a scroll of vulnerability {unknown}
 j - 3 scrolls of immolation
 w - 2 scrolls of blinking
 x - 3 scrolls of enchant weapon
 y - 6 scrolls of teleportation
 E - 2 scrolls of noise
 I - 4 scrolls of revelation
 K - a scroll of fog {unknown}
 P - a scroll of identify
 Q - 2 scrolls of enchant armour
 R - a scroll of butterflies {unknown}
Potions
 a - 6 potions of curing
 l - 3 potions of attraction {unknown}
 q - a potion of mutation {unknown}
 t - 4 potions of degeneration {unknown}
 u - 3 potions of resistance {unknown}
 v - 5 potions of haste {unknown}
 z - 4 potions of heal wounds {unknown}
 D - 6 potions of enlightenment
 F - 2 potions of magic {unknown}
 G - a potion of lignification {unknown}
 J - a potion of cancellation {unknown}
 L - a potion of brilliance {unknown}
 M - a potion of might {unknown}


   Skills:
 + Level 12.6 Fighting
 - Level 1.7 Throwing
 + Level 9.3 Armour
 - Level 3.0 Dodging
 + Level 14.1 Unarmed Combat
 - Level 3.0 Invocations


You had 11 spell levels left.
You didn't know any spells.
Your spell library contained the following spells:

 Spells                   Type           Power      Damage    Failure   Level
 Magic Dart               Conj           0%         1d3       96%         1
 Blink                    Tloc           0%         N/A       99%         2
 Call Imp                 Summ           0%         N/A       99%         2
 Ensorcelled Hibernation  Hex/Ice        0%         N/A       99%         2
 Call Canine Familiar     Summ           0%         N/A       100%        3
 Fugue of the Fallen      Necr           0%         N/A       100%        3
 Gell's Gravitas          Tloc           0%         N/A       100%        3
 Ozocubu's Armour         Ice            0%         N/A       100%        3
 Passwall                 Erth           0%         N/A       100%        3
 Sigil of Binding         Hex            0%         N/A       100%        3
 Swiftness                Air            0%         N/A       100%        3
 Teleport Other           Tloc           0%         N/A       100%        3
 Anguish                  Hex/Necr       0%         N/A       100%        4
 Animate Dead             Necr           0%         N/A       100%        4
 Dimensional Bullseye     Hex/Tloc       0%         N/A       100%        4
 Leda's Liquefaction      Alch/Erth      0%         N/A       100%        4
 Manifold Assault         Tloc           0%         N/A       100%        4
 Passage of Golubria      Tloc           0%         N/A       100%        4
 Borgnjor's Vile Clutch   Necr/Erth      0%         N/A       100%        5
 Lee's Rapid Deconstruct  Erth           0%         3d4*      100%        5
 Silence                  Hex/Air        0%         N/A       100%        5
 Bombard                  Conj/Erth      0%         9d1       100%        6
 Death Channel            Necr           0%         N/A       100%        6
 Dispersal                Tloc           0%         N/A       100%        6
 Lehudib's Crystal Spear  Conj/Erth      0%         10d2      100%        8


Dungeon Overview and Level Annotations

Branches:
Dungeon (13/15)            Temple (1/1) D:6            Lair (0/5) D:8
    Orc (0/2) D:10          Sewer (visited)          Bailey (visited)
 Vaults: D:13-14

Altars:
Ashenzari
Cheibriados
Dithmenos
Fedhas
Gozag
Hepliaklqana
Kikubaaqudgha
Makhleb
Nemelex Xobeh
Okawaru
Qazlal
Ru
Sif Muna
Trog
Uskayaw
Vehumet
Wu Jian
Xom
Yredelemnul
Beogh

Shops:
D:4 :   D:8 *

Annotations:
D:4 1 runed translucent door, Crazy Yiuf
D:5 2 transporters


Innate Abilities, Weirdness & Mutations

You are immune to poison.
You have sharp fingernails.
Your flesh is cold resistant. (rC+)
You are immune to negative energy. (rN+++)
You do not regenerate when monsters are visible.
You are immune to unholy pain and torment.
You thrive by killing the living.


Message History

The slime creature hits you. x2; The slime creature hits you!
You barely miss the slime creature.
The slime creature is lightly wounded.
The slime creature misses you.
The slime creature hits you but does no damage.
You block the slime creature's attack.
You mangle the slime creature!!
The slime creature is heavily wounded.
The slime creature is no longer sharing its pain.
The slime creature hits you!
* * * LOW HITPOINT WARNING * * *
The slime creature hits you.
* * * LOW HITPOINT WARNING * * *
The slime creature hits you!
* * * LOW HITPOINT WARNING * * *
The slime creature is no longer sharing its pain. x2
You block the slime creature's attack.
The slime creature attacks as it pursues you!
You block the slime creature's attack.
The slime creature attacks as it pursues you!
The slime creature hits you but does no damage.
Two slime creatures merge to form a large slime creature.
Okay, then.
Aiming: Warp Space
Press: ? - help, Shift-Dir - straight line
Okay, then.
Okay, then.
Aiming: Line Pass
Press: ? - help, Dir - move target The large slime creature appears confused.
The large slime creature seems less confused.
The slime creature attacks as it pursues you!
The slime creature hits you.
* * * LOW HITPOINT WARNING * * *
The large slime creature attacks as it pursues you!
The large slime creature hits you but does no damage.
The large slime creature attacks as it pursues you!
The large slime creature hits you!!
You die...
Your body falls in perfect tune with the rhythm.

#.... #.... #....# ####
#....# #... #....###
#####... #+####......
........ ...........#
#..... ..........@# #.....
.........JJ# #.....
...........# #.....
....^......# #.....
[..........##+####+###.....
...........................
...........................
...........#####...........
...........# #...........


You could see a large slime creature and a slime creature.

Vanquished Creatures
  2 two-headed ogres
  An orc sorcerer (Bailey)
  A kobold demonologist (Bailey)
  A troll (D:12)
  5 slime creatures
  3 shadows
  Sigmund (D:6)
  A wraith (D:11)
  Grum (D:10)
  2 wyverns
  24 yaks
  Menkaure (D:7)
  Edmund (D:6)
  A water moccasin (D:9)
  14 orc warriors
  An ice beast (D:7)
  A sky beast (D:7)
  2 black bears
  2 crocodiles (Sewer)
  4 wolves
  4 centaurs
  A phantom (D:6)
  Blork the orc (D:6)
  A kobold brigand (D:7)
  2 bullfrogs
  4 gnoll sergeants
  2 scorpions (D:6)
  14 wights
  4 killer bees (D:10)
  4 electric eels (Bailey)
  2 howler monkeys
  A vampire bat (D:3)
  8 hounds
  3 jellies
  5 orc priests
  A sleepcap (D:8)
  3 gnoll boudas
  Jessica (D:2)
  6 orc wizards
  Ijyb (D:3)
  5 iguanas
  A sickly merfolk siren (Sewer)
  A malarious merfolk avatar (Sewer)
  40 gnolls
  5 adders
  A river rat (Sewer)
  A white imp (D:8)
  A ribbon worm (D:2)
  2 dart slugs
  36 orcs
  4 bats
  2 bat skeletons (D:3)
  2 bat zombies (D:3)
  7 endoplasms
  6 giant cockroaches
  13 goblins
  14 hobgoblins
  7 jackals
  11 quokkas
  6 ball pythons
  8 frilled lizards
  19 kobolds
  31 rats
360 creatures vanquished.

Vanquished Creatures (others)
  An orc warrior (Bailey)
1 creature vanquished.

Grand Total: 361 creatures vanquished

Notes
Turn   | Place    | Note
-------+----------+-------------------------------------------
     0 | D:1      | whatisthis the Ghoul Gladiator began the quest for the Orb.
     0 | D:1      | Reached XP level 1. HP: 17/17 MP: 1/1
   164 | D:1      | Reached XP level 2. HP: 25/25 MP: 2/2
   794 | D:2      | Reached XP level 3. HP: 30/30 MP: 3/3
  1085 | D:1      | Reached skill level 4 in Unarmed Combat
  1101 | D:1      | Reached XP level 4. HP: 33/38 MP: 4/4
  1259 | D:2      | Noticed Jessica
  1267 | D:2      | Killed Jessica
  1388 | D:2      | Found a faded altar of an unknown god.
  1573 | D:2      | Reached XP level 5. HP: 46/46 MP: 5/5
  1900 | D:3      | Reached skill level 5 in Unarmed Combat
  1969 | D:3      | Noticed Ijyb
  1992 | D:3      | Killed Ijyb
  2201 | D:3      | Found an ancient bone altar of Kikubaaqudgha.
  2223 | D:3      | Reached XP level 6. HP: 55/55 MP: 6/6
  2778 | D:4      | Found a runed translucent door.
  2779 | D:4      | Noticed Crazy Yiuf
  2918 | D:4      | Noticed a black bear
  2928 | D:4      | Killed a black bear
  2929 | D:4      | Reached skill level 5 in Fighting
  3123 | D:4      | Reached skill level 6 in Unarmed Combat
  3214 | D:4      | Reached XP level 7. HP: 54/61 MP: 7/7
  3251 | D:4      | Found Vequirergh's Book Shoppe.
  3717 | D:5      | Entered Level 5 of the Dungeon
  3727 | D:5      | Found a transporter.
  3819 | D:5      | Found a transporter.
  3864 | D:5      | Reached skill level 1 in Armour
  3967 | D:5      | Found a broken altar of Ashenzari.
  4524 | D:6      | Noticed Blork the orc
  4530 | D:6      | Killed Blork the orc
  4531 | D:6      | Reached skill level 7 in Unarmed Combat
  4534 | D:6      | Noticed Sigmund
  4547 | D:6      | Killed Sigmund
  4548 | D:6      | Reached XP level 8. HP: 71/71 MP: 8/8
  4714 | D:6      | Found a staircase to the Ecumenical Temple.
  4725 | Temple   | Entered the Ecumenical Temple
  4759 | Temple   | Became a worshipper of Uskayaw the Reveller
  4790 | D:6      | Reached * piety under Uskayaw
  4800 | D:6      | Reached ** piety under Uskayaw
  4841 | D:6      | Reached skill level 1 in Invocations
  4919 | D:6      | Found a glowing drain.
  4928 | Sewer    | Entered a sewer
  5097 | Sewer    | Reached *** piety under Uskayaw
  5103 | Sewer    | Reached **** piety under Uskayaw
  5162 | Sewer    | Reached skill level 8 in Unarmed Combat
  5325 | D:6      | Noticed Edmund
  5345 | D:6      | Killed Edmund
  5346 | D:6      | Reached XP level 9. HP: 69/81 MP: 10/10
  5774 | D:7      | Noticed Menkaure
  5802 | D:7      | Killed Menkaure
  5877 | D:7      | Reached skill level 5 in Armour
  5877 | D:7      | Reached skill level 9 in Unarmed Combat
  6401 | D:7      | Reached XP level 10. HP: 51/91 MP: 12/12
  6493 | D:8      | Found a burning altar of Makhleb.
  6502 | D:8      | Found a staircase to the Lair.
  6655 | D:8      | Reached ***** piety under Uskayaw
  6656 | D:8      | Reached skill level 10 in Unarmed Combat
  6702 | D:8      | Reached ****** piety under Uskayaw
  6705 | D:8      | Reached skill level 10 in Fighting
  6772 | D:8      | Found a roughly hewn altar of Beogh.
  6895 | D:8      | Found a flagged portal.
  6895 | D:8      | Found Tumof's Demolitions Depot.
  6911 | Bailey   | Entered a bailey
  7213 | Bailey   | Found an iron altar of Okawaru.
  7213 | Bailey   | Noticed an orc sorcerer
  7213 | Bailey   | Noticed a kobold demonologist
  7230 | Bailey   | Killed an orc sorcerer
  7231 | Bailey   | Reached skill level 11 in Unarmed Combat
  7233 | Bailey   | Killed a kobold demonologist
  7247 | Bailey   | Identified the +2 robe of the Oily God {+Blink Str-2 Int+3
                  | Dex+6}
  7353 | Bailey   | Reached XP level 11. HP: 93/101 MP: 13/13
  7452 | D:8      | Acquired the +4 kite shield of the Eternal Void {rPois
                  | Str+3 Dex+2 Stlth-}
  7453 | D:8      | Acquired a manual of Unarmed Combat
  7539 | D:8      | Found a sparkling altar of Nemelex Xobeh.
  8348 | D:9      | Noticed a two-headed ogre
  8365 | D:9      | Killed a two-headed ogre
  8366 | D:9      | Reached skill level 12 in Unarmed Combat
  8895 | D:10     | Entered Level 10 of the Dungeon
  8922 | D:10     | Noticed Grum
  8930 | D:10     | Killed Grum
  9268 | D:10     | Found a shadowy altar of Dithmenos.
  9410 | D:10     | Reached skill level 13 in Unarmed Combat
  9451 | D:10     | Found a staircase to the Orcish Mines.
  9964 | D:11     | Noticed a two-headed ogre
  9975 | D:11     | Killed a two-headed ogre
  9976 | D:11     | Reached XP level 12. HP: 96/113 MP: 14/14
 10100 | D:11     | You fall into a shaft and drop 2 floors!
 10120 | D:12     | Reached skill level 14 in Unarmed Combat
 10243 | D:12     | Annihilated by a large slime creature

Illustrated notes

Levels and vault maps discovered:
D:1:      moated_graveyard_arrival, layout_basic, minmay_fountain_box
D:2:      layout_rooms, shapermc_ecumenical_altar_mp_highgroup,
          corexii_item_surrounded_by_moat, lexackson_kobold_supper, uniq_jessica
D:3:      layout_loops_ring, kennysheep_vampire_church, uniq_ijyb
D:4:      layout_cave_pods, serial_shops, shop, uniq_crazy_yiuf_cottage
D:5:      gammafunk_steamed_eel, layout_basic, cheibrodos_ashenzari_chains
D:6:      layout_loops_cross, temple_pool_b, portal_sewer_entry_f, uniq_sigmund,
          uniq_edmund, uniq_blork_the_orc
D:7:      layout_rooms, uniq_menkaure
D:8:      layout_cave_pools, lemuel_crystal_altar, nemelex_spade_bored_becter,
          lair_entry_dummy, enter_bailey_3, serial_gnoll_camp,
          gnoll_camp_mini_hut, gnoll_camp_mini_house, gnoll_camp_mini_sergeant,
          gnoll_camp_huts_basic, minivault_23, hangedman_decor_push,
          grunt_decor_clamped, nicolae_blasting_shop, david_defended_altar_orc
D:9:      layout_irregular_city, serial_glass, glass_columns_b, glass_columns_c
D:10:     layout_roguey, lemuel_tele_altar, tso_metal_star, orc_0_dummy,
          uniq_grum
D:11:     layout_long_grid, the_hattery
D:12:     layout_irregular_city, drop_trap, minmay_misc_feat_room
D:13:     layout_roguey, grunt_gozag_breadcrumbs
Temple:   nicolae_temple_superstar

Skill      XL: |  1  2  3  4  5  6  7  8  9 10 11 12 |
---------------+-------------------------------------+-----
Dodging        | 3 |  3.0
Fighting       | 3 4 5 6 7 9 10 12 | 12.6
Unarmed Combat | 4 5 6 7 8 9 11 13 14 | 14.1
Armour         | 2 3 5 7 9 |  9.3
Invocations    | 2 3 |  3.0
Throwing       | |  1.7

Action                     |  1- 3 |  4- 6 |  7- 9 | 10-12 || total
---------------------------+-------+-------+-------+-------++-------
  Melee: Unarmed           |    83 |   196 |   410 |   460 ||  1149
         Punch             |     1 |     5 |    13 |    18 ||    37
  Throw: Throwing net      |     1 |       |     2 |       ||     3
         Dart              |       |    14 |    12 |    14 ||    40
         Boomerang         |       |       |     2 |       ||     2
 Invoke: Line Pass         |       |       |     1 |     2 ||     3
  Evoke: Wand              |       |       |     4 |     8 ||    12
    Use: Scroll            |       |       |     1 |     9 ||    10
         Potion            |       |       |       |     1 ||     1
   Stab: Held in net/web   |       |       |     1 |       ||     1
         Paralysed         |       |       |     8 |    37 ||    45
 Armour: Leather armour    |    15 |       |       |       ||    15
         Ring mail         |    35 |   105 |   111 |   124 ||   375
         Scale mail        |       |       |    44 |       ||    44
         Chain mail        |       |       |       |   117 ||   117
  Dodge: Dodged            |    66 |   127 |   246 |   255 ||   694
         Repelled          |       |       |     1 |     5 ||     6
  Block: Kite shield       |       |       |       |   129 ||   129

Table legend: (Time is in decaauts)
 A = Elapsed time spent in this place.
 B = Non-inter-level travel time spent in this place.
 C = Inter-level travel time spent in this place.
 D = Time resting spent in this place.
 E = Time spent auto-exploring this place.
 F = Levels seen in this place.
 G = Mean time per level.
                   A        B        C        D        E       F      G
               +--------+--------+--------+--------+--------+-----+--------+
         Total |  10153 |   9870 |    283 |    590 |   5709 |  16 |  634.6 |
       Dungeon |   9255 |   8980 |    275 |    553 |   5565 |  13 |  711.9 |
        Temple |     43 |     35 |      8 |      0 |      0 |   1 |   43.0 |
         Sewer |    355 |    355 |      0 |      0 |     65 |   1 |  355.0 |
        Bailey |    499 |    499 |      0 |     37 |     78 |   1 |  499.0 |
               +--------+--------+--------+--------+--------+-----+--------+

Top non-repeatable levels by time:
     D:4: 1046 daAuts
     D:8: 1009 daAuts
     D:1: 1004 daAuts
     D:9: 888 daAuts
     D:2: 885 daAuts
     D:7: 793 daAuts
     D:6: 778 daAuts
     D:5: 761 daAuts
     D:3: 761 daAuts
    D:10: 653 daAuts
    D:11: 534 daAuts
  Bailey: 499 daAuts
   Sewer: 355 daAuts
    D:12: 133 daAuts
  Temple: 43 daAuts
